AoeStats
← 一条固执的鱼

Nomad

509897625Analyzed
4v4 RM · 3d ago on Sep 28, 2026· 41m 5s· 8 players
Game mode
Random Map
Map size
231×231
Population
200
Speed
Normal
Resources
Standard
Victory
Conquest
Starting age
Dark Age
Ending age
Imperial Age
RankedLock teamsTeams togetherTeam positionsShared explorationLock speedFull tech treeHidden civsTurbo modeCheats
Victory
Defeat
🇨🇳 Vietnamese · China
1321
+14
🇨🇳 Spanish · China
1316
+14
🇨🇳 Franks · China
1300
+15
🇨🇳 Poles · China
1291
+14
🇲🇽 Celts · Mexico
1285
-15
🇺🇸 Koreans · United States
1280
-15
🇦🇷 Poles · Argentina
1274
-14
🇨🇳 Britons · China
1246
-13
sj
13:31 Feudal Age
17:52 Castle Age
15:45 Loom
18:55 Double-Bit Axe
20:20 Fletching
22:03 Bow Saw
27:31 Bodkin Arrow
28:06 Horse Collar
29:58 Heavy Plow
29:49 Gold Mining
36:01 Imperial Age
36:08 Scale Mail Armor
36:09 Pikeman
37:25 Chain Mail Armor
41:14 Bracer
man_mel49
7:44 Loom
13:24 Feudal Age
15:29 Man-at-Arms
22:00 Castle Age
20:45 Scale Mail Armor
22:15 Fletching
24:20 Padded Archer Armor
35:27 Double-Bit Axe
36:24 Fishing Lines
38:54 Bow Saw
axjhbl90
13:47 Feudal Age
15:03 Loom
17:50 Castle Age
18:27 Fishing Lines
18:54 Double-Bit Axe
20:08 Bow Saw
20:52 Fletching
21:43 Padded Archer Armor
21:36 Gillnets
26:34 Wheelbarrow
26:58 Bodkin Arrow
33:18 Imperial Age
31:43 Ballistics
32:46 Hand Cart
32:50 Leather Archer Armor
33:58 Gold Mining
34:52 Bracer
36:18 Conscription
38:29 Elite Longbowman
41:45 Chemistry
CORP_Herme
3:10 Loom
13:45 Feudal Age
18:11 Castle Age
18:44 Gold Mining
20:15 Scale Barding Armor
20:21 Forging
20:58 Stone Mining
20:59 Double-Bit Axe
21:38 Bloodlines
21:29 Husbandry
22:32 Stone Shaft Mining
25:51 Chain Barding Armor
沉着 冷静
13:56 Feudal Age
18:04 Castle Age
16:40 Loom
16:41 Town Watch
16:54 Gold Mining
16:50 Double-Bit Axe
19:54 Bow Saw
19:37 Horse Collar
19:59 Padded Archer Armor
27:23 Husbandry
29:48 Leather Archer Armor
29:46 Bloodlines
34:42 Heavy Plow
35:26 Stone Mining
38:46 Imperial Age
36:42 Scale Barding Armor
37:10 Forging
37:45 Stone Shaft Mining
38:01 Chain Barding Armor
39:09 Iron Casting
39:46 Wheelbarrow
38:49 Cavalier
40:05 Plate Barding Armor
40:21 Paladin
41:37 Hand Cart
42:40 Two-Man Saw
一条固执的鱼
4:38 Loom
15:04 Feudal Age
17:59 Fletching
21:33 Castle Age
20:32 Double-Bit Axe
28:15 Wheelbarrow
30:35 Horse Collar
31:24 Town Watch
32:15 Hand Cart
33:58 Heavy Plow
41:22 Imperial Age
39:07 Gold Mining
39:08 Stone Mining
39:21 Chatras
40:20 Bloodlines
40:10 Husbandry
40:48 Scale Barding Armor
小帮手绝活哥
14:44 Feudal Age
17:07 Loom
20:13 Double-Bit Axe
20:22 Gold Mining
20:23 Stone Mining
24:24 Castle Age
22:39 Scale Barding Armor
23:13 Forging
24:22 Wheelbarrow
26:12 Bow Saw
26:41 Gold Shaft Mining
28:53 Chain Barding Armor
29:09 Iron Casting
31:31 Husbandry
809591945
7:58 Loom
14:55 Feudal Age
18:36 Castle Age
18:12 Double-Bit Axe
18:19 Gold Mining
19:57 Bow Saw
19:29 Horse Collar
22:08 Heavy Plow
22:50 Wheelbarrow
22:52 Scale Barding Armor
22:57 Forging
23:01 Town Watch
26:06 Szlachta Privileges
26:28 Husbandry
27:13 Bloodlines
28:14 Chain Barding Armor
30:57 Iron Casting
37:11 Imperial Age
38:59 Blast Furnace
38:39 Conscription
37:51 Cavalier
Connection lost

Rejoining the realm…

Still unreachable

The connection could not be restored.

Session expired

The server has moved on; the page needs a fresh start.